 Dungeon Crawl Stone Soup version 0.30-a0-591-g3c58d2bc28 (webtiles) character file.

Game seed: 9116294944421742365

9141 Pooter the Cleaver (level 11, -3/99 HPs)
             Began as a Minotaur Chaos Knight on Jan 4, 2023.
             Was a Plaything of Xom.
             Slain by a troll (14 damage)
             ... on level 9 of the Dungeon on Jan 5, 2023.
             The game lasted 01:07:47 (9180 turns).

Pooter the Cleaver (Minotaur Chaos Knight)          Turns: 9180, Time: 01:07:49

Health: -3/99      AC: 13    Str: 20 (21) XL:     11   Next: 19%
Magic:  0/10       EV:  9    Int:  3 (5)  God:    Xom [......]
Gold:   631        SH: 16    Dex:  5 (8)  Spells: 10/10 levels left

rFire   . . .      SeeInvis .    a - +0 war axe (heavy)
rCold   . . .      Faith    .    J - +0 kite shield
rNeg    . . .      Spirit   +    L - +4 ring mail of Dutomuyr {+Blink +Inv Int-4}
rPois   .          Reflect  .    (helmet restricted)
rElec   .          Harm     .    (no cloak)
rCorr   .          Rampage  .    (no gloves)
Will    .....      Rage     3%   (no boots) Stlth
                                 o - brooch of Shielding {Spirit SH+8}
HPRegen 0.36/turn                q - +4 ring of protection
MPRegen 0.12/turn                (no ring)

@: mighty
A: horns 2, retaliatory headbutt, berserk 1, clumsy 1, deterioration 1
a: Renounce Religion, Evoke Blink, Evoke Invisibility


You were on level 9 of the Dungeon.
You worshipped Xom.
You were a very special plaything of Xom.
You visited 1 branch of the dungeon, and saw 10 of its levels.
You also visited: Sewer.

You collected 631 gold pieces.

Inventory:

Hand Weapons
 a - a +0 heavy war axe (weapon)
   (You took it off Maggie on level 8 of the Dungeon)
 b - a +0 sling
   (You found it on level 5 of the Dungeon)
 i - a +0 scimitar of flaming
   (You took it off Erica on level 8 of the Dungeon)
 v - a +0 hand axe of chaos
 K - a +2 spear of freezing
   (You took it off a gnoll sergeant on level 5 of the Dungeon)
 M - a +1 hand axe of freezing
   (Xom gifted it to you on level 2 of the Dungeon)
 N - a +0 shortbow
   (You took it off a centaur on level 7 of the Dungeon)
 O - a +0 halberd
   (You took it off a gnoll on level 5 of the Dungeon)
 P - a +0 morningstar
   (You took it off an orc on level 6 of the Dungeon)
 R - a +0 war axe of venom
   (You found it on level 7 of the Dungeon)
 S - a +0 war axe
   (You took it off an orc on level 7 of the Dungeon)
 U - a +4 halberd of venom
   (You took it off Blork the orc on level 6 of the Dungeon)
Missiles
 m - a throwing net {!f}
 x - 22 poisoned darts
 D - 2 silver javelins
 E - 2 curare-tipped darts
 G - 11 boomerangs (quivered)
 Q - 93 stones
Armour
 j - a +0 plate armour
   (You found it on level 1 of the Dungeon)
 n - a +2 chain mail of poison resistance
   (You found it on level 2 of the Dungeon)
 J - a +0 kite shield (worn)
   (You took it off a gnoll sergeant on level 5 of the Dungeon)
 L - the +4 ring mail of Dutomuyr (worn) {+Blink +Inv Int-4}
   (You found it on level 5 of the Dungeon)

   Int:       It affects your intelligence (-4).
   +Inv:      It lets you turn invisible.
   +Blink:    It lets you blink.
Jewellery
 o - the brooch of Shielding (around neck) {Spirit SH+8}
   (You acquired it on level 2 of the Dungeon)

   [amulet of guardian spirit]

   It causes incoming damage to be divided between your reserves of health and
   magic.
   SH:        It affects your SH (+8).
 q - a +4 ring of protection (left hand)
   (You found it on level 2 of the Dungeon)
 s - an amulet of reflection
   (You found it on level 3 of the Dungeon)
 F - a ring of protection from fire
   (You found it on level 4 of the Dungeon)
 V - a ring of magical power
   (You found it on level 9 of the Dungeon)
Wands
 l - a wand of roots (12)
   (You took it off Sigmund on level 2 of the Dungeon)
 H - a wand of mindburst (19)
   (You found it on level 5 of the Dungeon)
Scrolls
 d - a scroll of noise {!r}
 p - a scroll of immolation {!r}
 r - 2 scrolls of vulnerability {!r}
 t - a scroll of teleportation {@r4}
 y - 4 scrolls of magic mapping
 C - a scroll of fear
 I - 2 scrolls of silence
Potions
 f - 3 potions of attraction {!q}
 g - a potion of curing {@q1}
 h - 2 potions of ambrosia {unknown}
 w - a potion of heal wounds {@q2}
 z - 4 potions of flight
 A - a potion of brilliance
 T - a potion of invisibility {unknown}
Miscellaneous
 c - a piece from Xom's chessboard (15/15)
 e - a tin of tremorstones (2/2)
   (You found it on level 10 of the Dungeon)


   Skills:
 + Level 9.9 Fighting
 * Level 13.5(13.9) Axes
 + Level 4.8(10.0) Polearms
 * Level 6.4 Ranged Weapons
 - Level 2.4 Armour
 - Level 1.1 Dodging
 + Level 5.8 Shields
 + Level 6.2 Evocations


You had 10 spell levels left.
You didn't know any spells.
Your spell library contained the following spells:

 Spells                   Type           Power      Damage    Failure   Level
 Kiss of Death            Conj/Necr      0%         2d5       96%         1
 Shock                    Conj/Air       0%         1d3       96%         1
 Summon Small Mammal      Summ           0%         N/A       96%         1
 Ensorcelled Hibernation  Hex/Ice        0%         N/A       99%         2
 Passwall                 Tmut/Erth      0%         N/A       99%         2
 Call Canine Familiar     Summ           0%         N/A       100%        3
 Confusing Touch          Hex            0%         N/A       100%        3
 Inner Flame              Hex/Fire       0%         N/A       100%        3
 Summon Guardian Golem    Hex/Summ       0%         N/A       100%        3
 Swiftness                Air            0%         N/A       100%        3
 Airstrike                Air            0%         2d(0-16)  100%        4
 Cause Fear               Hex            0%         N/A       100%        4
 Dispel Undead            Necr           0%         3d6       100%        4
 Discord                  Hex            0%         N/A       100%        8


Dungeon Overview and Level Annotations

Branches:
Dungeon (10/15)            Temple (0/1) D:5            Lair (0/5) D:9
  Sewer (visited)
    Orc: D:9-12

Altars:
Ashenzari
Cheibriados
Dithmenos
Elyvilon
Kikubaaqudgha
Okawaru
Qazlal
Trog
Uskayaw
Vehumet
Xom
Yredelemnul
Zin
The Shining One

Annotations:
D:3 1 runed translucent door, Crazy Yiuf
D:8 Gastronok


Innate Abilities, Weirdness & Mutations

You have a pair of horns on your head.
You reflexively headbutt those who attack you in melee.
You sometimes lose your temper in combat.
You are clumsy. (Dex -2)
Your body sometimes deteriorates upon taking damage.


Message History

You hear some strange, mumbled words.
You block the cyan ugly thing's attack.
The centaur warrior hits you but does no damage.
You block the centaur warrior's attack.
You barely miss the centaur warrior. You closely miss the cyan ugly thing.
You block the centaur warrior's attack. x2
The cyan ugly thing closely misses you.
The centaur warrior hits you but does no damage.
The centaur warrior barely misses you.
Unknown command.
You hit the centaur warrior but do no damage.
Your headbutt misses the centaur warrior.
You slice the cyan ugly thing!!
You kill the cyan ugly thing!
The centaur warrior barely misses you. You furiously retaliate!
You headbutt the centaur warrior!
You kill the centaur warrior!
The troll bites you!
* * * LOW HITPOINT WARNING * * *
You block the troll's attack. The troll claws you.
* * * LOW MAGIC WARNING * * *
* * * LOW HITPOINT WARNING * * *
The howler monkey hoots and howls with incredible vigour!
You feel your dexterity returning.
You feel much better. You block the troll's attack.
The troll claws you but does no damage. x2
You barely miss the troll. Your headbutt misses the troll.
You barely miss the howler monkey. You block the howler monkey's attack.
You hear some strange, mumbled words.
The troll closely misses you. The troll claws you.
* * * LOW HITPOINT WARNING * * *
The troll closely misses you. The howler monkey barely misses you.
You furiously retaliate!
You headbutt the howler monkey! You slash the troll!
You closely miss the howler monkey.
You hear some strange, mumbled words.
The troll bites you!
* * * LOW HITPOINT WARNING * * *
The troll claws you.
* * * LOW HITPOINT WARNING * * *
You block the troll's attack. You block the howler monkey's attack.
Unknown command.
You closely miss the troll. You closely miss the howler monkey.
You block the troll's attack. The troll claws you but does no damage.
You block the troll's attack. The howler monkey barely misses you.
You furiously retaliate!
You headbutt the howler monkey!!
You kill the howler monkey!
The howler monkey's corpse dissolves into shadows!
The troll bites you!
You die...
Xom laughs nastily!

#############
...........>#
......T@....#
.####D####..#
.. ..#..# #..
....#..#
#..($)..#..#
# .$)$..#..#
.($[..#..#
......#..#


You could see a troll and an acid dragon (summoned).

Vanquished Creatures
  A centaur warrior (D:9)
  Erica (D:8)
  A two-headed ogre (D:8)
  An ugly thing (D:9)
  Maggie (D:8)
  A troll (D:9)
  2 hornets
  A hellwing (D:10)
  5 yaks (D:9)
  A wyvern (D:9)
  2 shadows (D:9)
  A human (D:8)
  Grum (D:8)
  A warg (D:4)
  Duvessa (D:5)
  4 water moccasins
  An orc warrior (D:8)
  An ice beast (D:6)
  A sky beast (D:7)
  2 black bears
  An ogre (D:6)
  3 wolves (D:8)
  5 centaurs
  2 lemures (D:6)
  6 kobold brigands (Sewer)
  Blork the orc (D:6)
  2 bullfrogs
  A gnoll sergeant (D:5)
  2 scorpions
  5 wights (D:8)
  Dowan (D:5)
  5 killer bees (D:8)
  3 howler monkeys
  2 electric eels (D:6)
  A hound (D:5)
  A jelly (D:6)
  5 orc priests
  Jessica (D:2)
  3 iguanas
  7 orc wizards
  A mummy (D:4)
  15 gnolls
  2 river rats (Sewer)
  10 adders
  A shadow imp (D:5)
  A white imp (D:5)
  An ufetubus (D:4)
  6 worms
  10 dart slugs
  19 orcs
  6 ball pythons
  A bat zombie (D:8)
  10 endoplasms
  8 giant cockroaches
  8 goblins
  5 hobgoblins
  2 jackals (D:3)
  11 kobolds
  3 quokkas
  2 bats
  2 frilled lizards
  A goblin zombie (D:8)
  A hobgoblin zombie (D:4)
  2 jackal skeletons (D:8)
  A kobold skeleton (D:8)
  2 kobold zombies (D:4)
  An orc zombie (D:4)
  15 rats
  2 rat zombies (D:8)
236 creatures vanquished.

Vanquished Creatures (collateral kills)
  Sigmund (D:2)
  A black bear (D:5)
  An iguana (D:5)
3 creatures vanquished.

Vanquished Creatures (others)
  An adder (D:4)
  A giant cockroach (D:3)
  2 demonic plants (D:10)
  A fungus (D:1)
  36 plants
41 creatures vanquished.

Grand Total: 280 creatures vanquished

Notes
Turn   | Place    | Note
-------+----------+-------------------------------------------
     0 | D:1      | Pooter the Minotaur Chaos Knight began the quest for the
                  | Orb.
     0 | D:1      | Reached XP level 1. HP: 19/19 MP: 0/0
   199 | D:1      | Reached skill level 4 in Axes
   298 | D:1      | Reached XP level 2. HP: 27/27 MP: 1/1
   338 | D:1      | XOM: silly message
   678 | D:2      | Noticed Jessica
   686 | D:2      | Killed Jessica
   687 | D:2      | Reached XP level 3. HP: 33/33 MP: 2/2
   699 | D:2      | Reached skill level 5 in Axes
   700 | D:2      | Noticed Sigmund
   700 | D:2      | XOM: summons 3 friendly demons
   704 | D:2      | Killed Sigmund
   705 | D:2      | Reached skill level 5 in Fighting
   705 | D:2      | Reached skill level 6 in Axes
   705 | D:2      | Reached XP level 4. HP: 42/42 MP: 3/3
   705 | D:2      | Reached XP level 5. HP: 48/48 MP: 4/4
   972 | D:2      | XOM is BORED!
   972 | D:2      | XOM: polymorph giant cockroach -> adder
   995 | D:2      | Identified a scroll of acquirement
   996 | D:2      | Acquired the brooch of Shielding {Spirit SH+8}
   996 | D:2      | Found the brooch of Shielding {Spirit SH+8}
  1365 | D:2      | XOM: god gift: +1 hand axe of freezing
  1529 | D:2      | XOM: give mutations
  1529 | D:2      | Gained mutation: Your natural rate of healing is unusually
                  | fast. [Xom's grace]
  1529 | D:2      | Gained mutation: Your flesh is cold resistant. (rC+) [Xom's
                  | grace]
  1620 | D:3      | Identified the +2 short sword "Neiby" {drain, rC+}
  1679 | D:3      | Found a runed translucent door.
  1680 | D:3      | Noticed Crazy Yiuf
  1809 | D:3      | Found a faded altar of an unknown god.
  2054 | D:3      | Found a white marble altar of Elyvilon.
  2180 | D:4      | XOM: stealth player
  2193 | D:4      | Reached XP level 6. HP: 56/56 MP: 5/5
  2197 | D:4      | Reached skill level 7 in Axes
  2267 | D:4      | Reached skill level 1 in Evocations
  2540 | D:4      | XOM: chaos upgrade
  2543 | D:5      | Entered Level 5 of the Dungeon
  2563 | D:5      | Found a glowing drain.
  2597 | Sewer    | Entered a sewer
  2715 | Sewer    | Reached skill level 8 in Axes
  2715 | Sewer    | Reached XP level 7. HP: 59/63 MP: 6/6
  3194 | Sewer    | XOM: cloud trail
  3305 | Sewer    | Reached skill level 9 in Axes
  3455 | D:4      | Noticed an angel
  3456 | D:4      | Found a glowing silver altar of Zin.
  3457 | D:4      | Found a shimmering altar of Xom.
  3592 | D:4      | Reached XP level 8. HP: 71/71 MP: 7/7
  3606 | D:4      | Noticed Eustachio
  3620 | D:4      | Eustachio changed into Eustachio the warg
  3620 | D:4      | Noticed Eustachio
  3620 | D:4      | XOM: polymorph Eustachio -> Eustachio the warg
  3624 | D:4      | Killed Eustachio the warg
  4088 | D:5      | Found a staircase to the Ecumenical Temple.
  4243 | D:5      | Found a bloodstained altar of Trog.
  4244 | D:5      | Found a broken altar of Ashenzari.
  4244 | D:5      | Found a snail-covered altar of Cheibriados.
  4393 | D:5      | Reached skill level 10 in Axes
  4407 | D:5      | Noticed Duvessa
  4417 | D:5      | XOM: enchant monster (good)
  4418 | D:5      | Noticed Dowan
  4425 | D:5      | Killed Dowan
  4452 | D:5      | Killed Duvessa
  4500 | D:5      | Found a hide-covered altar of Uskayaw.
  4564 | D:5      | Identified the +4 ring mail of Dutomuyr {+Blink +Inv Int-4}
  4583 | D:5      | Found a stormy altar of Qazlal.
  4654 | D:6      | XOM: summons friendly white imp
  4693 | D:6      | Reached skill level 1 in Shields
  4735 | D:6      | XOM: give mutations
  4735 | D:6      | Gained mutation: Your muscles are strong. (Str +4, Int/Dex
                  | -1) [Xom's mischief]
  4735 | D:6      | Gained mutation: You are agile. (Dex +4, Str/Int -1) [Xom's
                  | mischief]
  4735 | D:6      | Gained mutation: You occasionally lose the ability to drink
                  | potions when taking damage. [Xom's mischief]
  4735 | D:6      | Gained mutation: You are frail. (-10% HP) [Xom's mischief]
  4838 | D:6      | Noticed Pikel
  4844 | D:6      | XOM: smoke on damage
  4864 | D:6      | Reached skill level 11 in Axes
  4864 | D:6      | Reached XP level 9. HP: 72/72 MP: 8/8
  4866 | D:6      | Found a radiant altar of Vehumet.
  4911 | D:6      | XOM: fake destruction
  4995 | D:6      | Noticed Blork the orc
  5006 | D:6      | Killed Blork the orc
  5196 | D:6      | Found a shadowy altar of Dithmenos.
  5220 | D:6      | Pikel changed into Pikel the ogre
  5220 | D:6      | Noticed Pikel
  5220 | D:6      | XOM: polymorph Pikel -> Pikel the ogre
  5222 | D:6      | Killed Pikel the ogre
  5933 | D:7      | Found an iron altar of Okawaru.
  5946 | D:7      | XOM: 2-stop teleportation journey
  6656 | D:8      | XOM: give mutation
  6656 | D:8      | Gained mutation: You sometimes lose the ability to drink
                  | potions when taking damage. [Xom's mischief]
  6658 | D:8      | Identified the +0 leather armour of Floral Wonder {rN+
                  | rCorr Str-3 Int+2}
  6659 | D:8      | Found a runed translucent door.
  6668 | D:8      | Found a basalt altar of Yredelemnul.
  6689 | D:8      | Reached skill level 1 in Polearms
  6689 | D:8      | Reached skill level 5 in Evocations
  6700 | D:8      | Noticed Grum
  6702 | D:8      | Reached skill level 1 in Ranged Weapons
  6705 | D:8      | XOM: enchant monster (bad)
  6707 | D:8      | Killed Grum
  6848 | D:8      | XOM: polymorph killer bee -> centaur
  6856 | D:8      | Reached skill level 12 in Axes
  6872 | D:8      | XOM: confusion (+ monsters)
  6891 | D:8      | Noticed a two-headed ogre
  6920 | D:8      | Noticed Maggie
  6935 | D:8      | Noticed Erica
  6947 | D:8      | Killed Erica
  6948 | D:8      | Reached XP level 10. HP: 23/81 MP: 3/9
  6951 | D:8      | Killed Maggie
  7007 | D:8      | XOM: 3-stop teleportation journey
  7008 | D:8      | Noticed Gastronok
  7008 | D:8      | Noticed a two-headed ogre
  7081 | D:8      | XOM: divination: detect items
  7095 | D:8      | Killed a two-headed ogre
  7418 | D:8      | XOM: give mutation
  7418 | D:8      | Gained mutation: Armour fits poorly on your strangely
                  | shaped body. [Xom's mischief]
  7545 | D:8      | Found an ancient bone altar of Kikubaaqudgha.
  7701 | D:9      | Found a glowing golden altar of the Shining One.
  7701 | D:9      | XOM: swap monsters
  7801 | D:8      | Reached skill level 5 in Ranged Weapons
  7801 | D:8      | Reached skill level 5 in Shields
  7920 | D:9      | XOM: silly message
  7955 | D:9      | Found a staircase to the Lair.
  8005 | D:9      | XOM: summons 6 hostile demons
  8067 | D:9      | Reached skill level 13 in Axes
  8116 | D:9      | XOM: give mutations
  8116 | D:9      | Lost mutation: Your natural rate of healing is unusually
                  | fast. [Xom's mischief]
  8116 | D:9      | Lost mutation: You are frail. (-10% HP) [Xom's mischief]
  8116 | D:9      | Gained mutation: Your body sometimes deteriorates upon
                  | taking damage. [Xom's mischief]
  8116 | D:9      | Lost mutation: You are agile. (Dex +4, Str/Int -1) [Xom's
                  | mischief]
  8218 | D:9      | XOM: confusion
  8227 | D:9      | XOM: silly message
  8633 | D:10     | Entered Level 10 of the Dungeon
  8635 | D:10     | XOM: confusion
  8638 | D:10     | Paralysed by a hornet for 1 turns
  8646 | D:10     | Reached XP level 11. HP: 49/99 MP: 6/10
  8801 | D:10     | Lost mutation: Your muscles are strong. (Str +4, Int/Dex
                  | -1) [potion of mutation]
  8801 | D:10     | Lost mutation: You sometimes lose the ability to drink
                  | potions when taking damage. [potion of mutation]
  8801 | D:10     | Gained mutation: You are clumsy. (Dex -2) [potion of
                  | mutation]
  8802 | D:10     | Lost mutation: You occasionally lose the ability to drink
                  | potions when taking damage. [potion of mutation]
  8802 | D:10     | Lost mutation: Armour fits poorly on your strangely shaped
                  | body. [potion of mutation]
  8802 | D:10     | Lost mutation: Your flesh is cold resistant. (rC+) [potion
                  | of mutation]
  8802 | D:10     | Gained mutation: You sometimes lose your temper in combat.
                  | [potion of mutation]
  8810 | D:10     | XOM: enchant monster (bad)
  8880 | D:10     | XOM: stat loss: -1 Int (3/5)
  9159 | D:9      | Noticed a centaur warrior
  9160 | D:9      | Noticed a cyan ugly thing
  9176 | D:9      | Killed a cyan ugly thing
  9176 | D:9      | Killed a centaur warrior
  9176 | D:9      | HP: 3/99 [troll (5)]
  9180 | D:9      | Slain by a troll

Illustrated notes

Levels and vault maps discovered:
D:1:      dpeg_arrival_prison, layout_basic, serial_bayou, serial_bayou_lake_a,
          serial_bayou_lagoon_a, serial_bayou_shore_a, serial_bayou_pond_e,
          serial_bayou_shore_b, serial_bayou_ford_a
D:2:      layout_basic, guppyfry_early_lair_pool, uniq_robin, uniq_sigmund,
          uniq_jessica
D:3:      layout_rooms, elyvilon_altar_3,
          dreamdust_ecumenical_altar_angels_and_demons, uniq_crazy_yiuf_cottage
D:4:      kennysheep_slugbush, layout_loops_ring,
          grunt_temple_overflow_order_and_chaos_1, minmay_mini_ossuary,
          uniq_eustachio
D:5:      layout_basic, nicolae_uskayaw_dance_hall,
          chequers_temple_overflow_statue_of_worship,
          lemuel_coloured_pillars_altar, minmay_temple_entry_tees,
          gup_sewer_entry_glass, palyth_stone_intersect, uniq_duvessa
D:6:      layout_basic, mainiacjoe_overflow_six_doors_small, vehumet_crystals,
          serial_bayou, serial_bayou_shore_b, serial_bayou_crossing,
          serial_bayou_pond_c, serial_bayou_pond_e, uniq_blork_the_orc,
          uniq_pikel
D:7:      layout_layer_cave, mainiacjoe_overflow_concentric_impassable
D:8:      layout_basic, dk_yredelemnul_ordeal,
          lemuel_zombie_altar_kikubaaqudgha, uniq_erica, uniq_gastronok,
          uniq_grum, uniq_maggie
D:9:      cheibrodos_elevator_heist, layout_loops_ring,
          nicolae_tso_carved_into_rock, lair_entry_dummy
D:10:     layout_gridville, david_orc_2, serial_demonic, serial_demonic_g,
          serial_demonic_c, serial_demonic_g, serial_demonic_g

Skill      XL: |  1  2  3  4  5  6  7  8  9 10 |
---------------+-------------------------------+-----
Axes           | 4 6 8 9 11 12 13 | 13.5
Fighting       | 4 5 6 8 9 |  9.9
Evocations     | 1 3 4 5 6 |  6.2
Shields        | 1 4 5 |  5.8
Polearms       | 2 4 |  4.8
Ranged Weapons | 3 6 |  6.4
Armour         | |  2.4
Dodging        | |  1.1

Action                   |  1- 3 |  4- 6 |  7- 9 | 10-12 || total
-------------------------+-------+-------+-------+-------++-------
Melee: Hand axe          |    32 |   157 |   153 |       ||   342
       Headbutt          |     4 |    21 |    47 |    23 ||    95
       Punch             |       |     5 |     2 |       ||     7
       Halberd           |       |       |   122 |     5 ||   127
       Morningstar       |       |       |    21 |       ||    21
       War axe           |       |       |       |   130 ||   130
 Fire: Sling             |       |    13 |    75 |    15 ||   103
Throw: Stone             |       |     6 |       |       ||     6
       Dart              |       |     7 |    22 |       ||    29
       Boomerang         |       |       |    19 |    15 ||    34
Evoke: Piece from Xom's  |     1 |     2 |     1 |     1 ||     5
       Wand              |       |     2 |     8 |     2 ||    12
  Use: Scroll            |       |     7 |     9 |     2 ||    18
       Potion            |       |       |     4 |    13 ||    17
 Stab: Petrified         |       |     2 |       |       ||     2
       Confused          |       |     1 |       |       ||     1
       Distracted        |       |       |     1 |       ||     1
Armor: Leather armour    |     9 |       |       |       ||     9
       Plate armour      |    10 |       |       |       ||    10
       Chain mail        |       |    66 |    59 |       ||   125
       Ring mail         |       |       |    47 |    59 ||   106
Dodge: Dodged            |    12 |    36 |   106 |    44 ||   198
Block: Other             |       |    45 |   101 |     2 ||   148
       Kite shield       |       |       |    45 |   148 ||   193

Table legend: (Time is in decaauts)
 A = Elapsed time spent in this place.
 B = Non-inter-level travel time spent in this place.
 C = Inter-level travel time spent in this place.
 D = Time resting spent in this place.
 E = Time spent auto-exploring this place.
 F = Levels seen in this place.
 G = Mean time per level.
                   A        B        C        D        E       F      G
               +--------+--------+--------+--------+--------+-----+--------+
         Total |   9454 |   9254 |    200 |   1284 |   5660 |  11 |  859.5 |
       Dungeon |   8544 |   8344 |    200 |   1213 |   5148 |  10 |  854.4 |
         Sewer |    910 |    910 |      0 |     71 |    512 |   1 |  910.0 |
               +--------+--------+--------+--------+--------+-----+--------+

Top non-repeatable levels by time:
     D:8: 1151 daAuts
     D:6: 1042 daAuts
     D:4: 1008 daAuts
     D:9: 990 daAuts
     D:2: 953 daAuts
   Sewer: 910 daAuts
     D:7: 858 daAuts
     D:5: 719 daAuts
     D:1: 698 daAuts
     D:3: 579 daAuts
    D:10: 541 daAuts
